 Dungeon Crawl Stone Soup version 0.31-a0-523-g071a6c1ffa (webtiles) character file.

Game seed: 3911934969520645961

1876019 PaperRat the Merry Gargoyle (level 27, 184/184 HPs)
             Began as a Gargoyle Hunter on Aug 11, 2023.
             Was a High Priest of Fedhas.
             Escaped with the Orb
             ... and 3 runes on Aug 12, 2023!
             The game lasted 04:50:38 (54908 turns).

PaperRat the Merry Gargoyle (Gargoyle Hunter)      Turns: 54908, Time: 04:50:38

Health: 184/184    AC: 41    Str: 20    XL:     27
Magic:  36/36      EV: 28    Int:  9    God:    Fedhas [*****.]
Gold:   5704       SH:  8    Dex: 23    Spells: 13/30 levels left

rFire   + + .        a - +9 triple crossbow (freeze)
rCold   + . .        (shield currently unavailable)
rNeg    + . .        s - +0 faerie dragon scales {rF+ rCorr}
rPois   ∞            B - +2 helmet {SInv}
rElec   +            R - scarf {repulsion}
rCorr   +            W - +2 pair of gloves {Str+3}
SInv    +            H - +1 pair of boots of Qics {Rampage rF+ Will+++ Regen+ Int-5}
Will    +++++        k - brooch of Shielding {Spirit SH+8}
Stlth   ++           G - ring of protection from cold {=R}
HPRegen 1.30/turn    o - ring of the Festooned God {EV+5 Dex+2}
MPRegen 0.25/turn

%: repel missiles, guardian spirit, rampage
@: flying, studying 2 skills
A: sickness immunity, AC +20, big wings, negative energy resistance 1,
electricity resistance, torment resistance 1, petrification resistance, hooves
1, MP-powered wands
0: Orb of Zot
}: 3/15 runes: decaying, slimy, gossamer
a: Renounce Religion, Wall of Briars, Grow Ballistomycete, Overgrow, Grow Oklob


You escaped.
You worshipped Fedhas.
Fedhas was extremely pleased with you.
You visited 11 branches of the dungeon, and saw 52 of its levels.

You collected 9249 gold pieces.
You spent 3545 gold pieces at shops.

Inventory:

Hand Weapons
 a - a +9 triple crossbow of freezing (weapon)
 w - the +11 arbalest of Lulume {heavy, *Slow +Blink Str+5}
   (You found it on level 3 of the Lair of Beasts)

   Str+5:     It affects your strength (+5).
   +Blink:    It lets you blink.
   *Slow:     It may slow you when you take damage.
Missiles
 F - 7 curare-tipped darts (quivered)
 S - 7 throwing nets {!f}
Armour
 g - a +3 troll leather armour
 s - the +0 faerie dragon scales (worn) {rF+ rCorr}
   (You took it off the Enchantress on level 1 of the Depths)

   rF+:       It protects you from fire.
   rCorr:     It protects you from acid and corrosion.
 B - a +2 helmet of see invisible (worn)
 H - the +1 pair of boots of Qics (worn) {Rampage rF+ Will+++ Regen+ Int-5}
   (You found it on level 5 of the Lair of Beasts)

   Int-5:     It affects your intelligence (-5).
   rF+:       It protects you from fire.
   Will+++:   It greatly increases your willpower.
   Regen+:    It increases your rate of health regeneration.
   Rampage:   It bestows one free step when moving towards enemies.
 R - a scarf of repulsion (worn)
 T - a +2 cloak of preservation
 W - a +2 pair of gloves of strength (worn)
Jewellery
 f - a +6 ring of intelligence
 k - the brooch of Shielding (around neck) {Spirit SH+8}
   (You found it on level 5 of the Pits of Slime)

   [amulet of guardian spirit]

   Spirit:    It causes incoming damage to be divided between your reserves of
   health and magic.
   SH+8:      It affects your SH (+8).
 o - the ring of the Festooned God (right hand) {EV+5 Dex+2}
   (You found it on level 3 of the Elven Halls)

   [ring of evasion]

   EV+5:      It affects your evasion (+5).
   Dex+2:     It affects your dexterity (+2).
 r - a ring of protection from fire
 G - a ring of protection from cold (left hand) {=R}
 I - an amulet of faith
Wands
 b - a wand of iceblast (21)
 c - a wand of light (2)
 d - a wand of digging (20)
 m - a wand of polymorph (16)
 n - a wand of charming (17)
 z - a wand of mindburst (15)
Scrolls
 e - 5 scrolls of teleportation {@r3}
 i - 5 scrolls of fog {@r2}
 j - 2 scrolls of revelation
 l - 4 scrolls of poison
 q - 10 scrolls of vulnerability
 v - 2 scrolls of immolation
 y - 16 scrolls of fear {@r4}
 J - a scroll of enchant armour
 L - 3 scrolls of butterflies {@r6}
 Q - a scroll of silence
 Y - 2 scrolls of blinking {@r5}
Potions
 h - 8 potions of enlightenment {@q6}
 p - 3 potions of lignification
 t - 11 potions of brilliance {@q5}
 u - 3 potions of invisibility
 x - 5 potions of magic
 A - 18 potions of curing {@q1}
 D - 3 potions of haste {@q4}
 E - 9 potions of mutation {@q7}
 M - 3 potions of resistance
 N - 15 potions of ambrosia
 O - 12 potions of heal wounds {@q2}
 U - 4 potions of cancellation
Miscellaneous
 C - a tin of tremorstones (2/2)
 V - a lightning rod (4/4)
 X - a box of beasts


   Skills:
 - Level 22.0 Fighting
 O Level 27 Ranged Weapons
 + Level 16.9 Armour
 - Level 14.0 Dodging
 + Level 11.8 Stealth
 - Level 2.0 Spellcasting
 - Level 10.0 Hexes
 - Level 10.0 Translocations
 - Level 3.0 Transmutations
 - Level 6.0 Earth Magic
 - Level 18.0 Invocations
 - Level 14.0 Evocations


You had 13 spell levels left.
You knew the following spells:

 Your Spells              Type           Power      Damage    Failure   Level
a - Passage of Golubria   Tloc           18%        N/A       6%          4
b - Portal Projectile     Hex/Tloc       36%        N/A       1%          3
d - Yara's Violent Unrav  Hex/Tmut       6%         3d5       58%         5
g - Passwall              Tmut/Erth      7%         N/A       10%         2
t - Blink                 Tloc           36%        N/A       1%          2
z - Apportation           Tloc           36%        N/A       1%          1

Your spell library contained the following spells:

 Spells                   Type           Power      Damage    Failure   Level
 Slow                     Hex            72%        N/A       1%          1
 Confusing Touch          Hex            18%        N/A       1%          3
 Teleport Other           Tloc           18%        N/A       1%          3
 Tukima's Dance           Hex            18%        N/A       1%          3
 Sandblast                Erth           22%        2d7       3%          1
 Manifold Assault         Tloc           18%        N/A       6%          4
 Ensorcelled Hibernation  Hex/Ice        18%        N/A       8%          2
 Leda's Liquefaction      Hex/Erth       7%         N/A       14%         4
 Dazzling Flash           Conj/Hex       18%        N/A       16%         3
 Vhi's Electric Charge    Tloc/Air       18%        N/A       16%         3
 Sting                    Tmut/Pois      12%        1d3       22%         1
 Stone Arrow              Conj/Erth      12%        3d7       34%         3
 Foxfire                  Conj/Fire      0%         2x1d4     36%         1
 Freeze                   Ice            0%         1d3       36%         1
 Magic Dart               Conj           0%         1d3       36%         1
 Necrotise                Necr           0%         1d4       36%         1
 Shock                    Conj/Air       0%         1d3       36%         1
 Summon Small Mammal      Summ           0%         N/A       36%         1
 Anguish                  Hex/Necr       4%         N/A       45%         4
 Fulminant Prism          Conj/Hex       4%         3d5       45%         4
 Iskenderun's Mystic Bla  Conj/Tloc      9%         2d4       45%         4
 Poisonous Vapours        Pois/Air       0%         N/A       52%         2
 Searing Ray              Conj           0%         2d4       52%         2
 Lee's Rapid Deconstruct  Erth           5%         3d6*      67%         5
 Dispersal                Tloc           9%         N/A       69%         6
 Frozen Ramparts          Ice            0%         1d1       75%         3
 Hailstorm                Conj/Ice       0%         3d3       75%         3
 Ozocubu's Armour         Ice            0%         N/A       75%         3
 Swiftness                Air            0%         N/A       75%         3
 Vampiric Draining        Necr           0%         2d6       75%         3
 Animate Armour           Summ/Erth      12%        N/A       75%         4
 Metabolic Englaciation   Hex/Ice        4%         N/A       80%         5
 Silence                  Hex/Air        4%         N/A       80%         5
 Summon Forest            Summ/Tloc      4%         N/A       80%         5
 Airstrike                Air            0%         2d(0-16)  98%         4
 Flame Wave               Conj/Fire      0%         2d4       98%         4
 Olgreb's Toxic Radiance  Pois           0%         N/A       98%         4
 Sticky Flame             Conj/Fire      0%         2d3       98%         4
 Summon Ice Beast         Ice/Summ       0%         N/A       98%         4
 Summon Lightning Spire   Summ/Air       0%         N/A       98%         4
 Agony                    Necr           0%         N/A       100%        5
 Arcjolt                  Conj/Air       0%         1d10      100%        5
 Fireball                 Conj/Fire      0%         3d3       100%        5
 Iskenderun's Battlesphe  Conj           0%         2d6       100%        5
 Conjure Ball Lightning   Conj/Air       0%         3x3d6     100%        6
 Eringya's Noxious Bog    Tmut/Pois      1%         4d6       100%        6
 Leda's Unmaking          Conj/Erth      3%         9d1       100%        6
 Plasma Beam              Fire/Air       0%         2x1d10    100%        6
 Simulacrum               Ice/Necr       0%         N/A       100%        6
 Starburst                Conj/Fire      0%         6d3       100%        6
 Orb of Destruction       Conj           0%         9d5       100%        7
 Summon Hydra             Summ           0%         N/A       100%        7
 Disjunction              Tloc           9%         N/A       100%        8
 Maxwell's Capacitive Co  Air            0%         ∞         100%        8
 Fire Storm               Conj/Fire      0%         5d1       100%        9


Dungeon Overview and Level Annotations

Branches:
Dungeon (15/15)            Temple (1/1) D:4            Lair (5/5) D:9
  Swamp (4/4) Lair:2       Spider (4/4) Lair:3        Slime (5/5) Lair:4
    Orc (2/2) D:10            Elf (3/3) Orc:2        Vaults (4/5) D:14
  Crypt (0/3) Vaults:3     Depths (4/4) D:15            Zot (5/5) Depths:4

Altars:
Ashenzari
Cheibriados
Dithmenos
Elyvilon
Fedhas
Gozag
Hepliaklqana
Kikubaaqudgha
Makhleb
Nemelex Xobeh
Okawaru
Qazlal
Ru
Sif Muna
Trog
Uskayaw
Vehumet
Wu Jian
Xom
Yredelemnul
Zin
The Shining One
Jiyva

Shops:
D:13 (   Orc:2 =([*   Elf:1 :=:   Elf:2 =   Elf:3 [   Vaults:4 (   Zot:5 **
Depths:4 [

Portals:
Hell: Depths:1 Depths:2 Depths:3 Depths:4
Abyss: Depths:1 Depths:3
Pandemonium: Depths:2 Depths:3 Depths:4
Ziggurat: Depths:3

Annotations:
D:10 1 runed translucent door
D:14 3 runed translucent doors
Elf:2 3 runed translucent doors
Depths:2 1 transporter
Zot:1 1 transporter
Zot:5 3 runed translucent doors, 2 transporters, Netemen's ghost, master GnFi


Innate Abilities, Weirdness & Mutations

You are immune to sickness and miasma.
Your stone body is resilient. (AC +20)
You are immune to poison.
Your large and strong wings let you fly.
You resist negative energy. (rN+)
You are resistant to electric shocks. (rElec)
You are resistant to unholy torment.
You are immune to petrification.
You have large cloven feet.
You expend magic power (3 MP) to strengthen your wands.


Message History

The bolt hits Beri!!
The bolt freezes Beri.
Beri is severely wounded.
The large abomination closely misses you.
Beri is struck by your briar patch's thorns.
Beri hits your briar patch!
Fire: a) +9 triple crossbow (freeze)
Press: ? - help, Shift-Dir - straight line, f/p - Beri
Aim: Beri (almost dead, ally target, 75% to hit)
You shoot a bolt. Fedhas protects your plant from harm.
The bolt hits Beri!!!
The bolt freezes Beri.
You kill Beri!
Fedhas accepts your kill. The large abomination misses you.
You shoot a bolt.
The bolt hits the large abomination but does no damage.
The large abomination is lightly damaged.
The large abomination completely misses you.
You shoot a bolt. The bolt hits the large abomination!!!!
The bolt freezes the large abomination.
You destroy the large abomination!
Fedhas accepts your kill.
You shoot a bolt.
The bolt completely misses the ice devil.
You block the ice devil's attack.
You shoot a bolt. The bolt closely misses the ice devil.
The ice devil misses you.
You shoot a bolt. The bolt hits the ice devil!!!
You kill the ice devil!
Fedhas accepts your kill.
No target in view!
No target in view!
You fly carefully through the plants.
There is a stone staircase leading up here.
You fly upwards.
There is a stone staircase leading down here.
There is a large open door here.
There is a staircase leading out of the dungeon here.
Okay, then.
You have escaped!

# #.#..≈≈≈#######..#.####.....#
####.....≈≈### ##...## ###.###
..##.§....≈#⌠#######...## #.#
#.#...≈....#..'.≈###....####'###
#.#...#.#..#..#.≈≈###....#...).#
#..).§#....####.≈≈####.#.#.....#
##...#.......#...≈#§§#.#.#.....##
##....##.#..'...≈#≈§'.#.#.....##
#...≈≈.....'..@≈#≈.'.#.##......
#...#§.....#...≈#≈≈#.#.#..#....
#...#..#.####.≈≈####.#.........
#..#..#..#..#.≈≈###..#.#.......
#........#..'.§###..#..#.......
#.......≈#⌠#######.##>.........
##.....≈≈### ##..##..........
##.#.≈≈≈#######..###..........
#....≈≈###........##..........


There were no monsters in sight!

Vanquished Creatures
  the Royal Jelly (Slime:5)
  2 dread liches (Zot:5)
  An ancient lich (Zot:5)
  3 orbs of fire
  A juggernaut (Depths:4)
  Mennas (Depths:3)
  2 royal mummies (Depths:3)
  Sojobo (Depths:1)
  Frederick (Vaults:3)
  3 Killer Klowns
  4 curse toes
  8 caustic shrikes
  11 golden dragons
  Nikola (Swamp:3)
  Arachne (Spider:4)
  Norris (Vaults:3)
  A Tzitzimitl (D:8)
  A Brimstone Fiend (Zot:2)
  2 electric golems
  5 liches
  17 tentacled monstrosities
  Mlioglotl (Swamp:2)
  A titan (Depths:4)
  Rupert (D:13)
  20 Orb Guardians
  A deep elf master archer (Elf:3)
  4 deep elf blademasters (Elf:3)
  3 quicksilver dragons
  19 acid blobs
  Gastronok (Lair:1)
  An ancient champion (Elf:2)
  7 death cobs
  A pandemonium lord (D:2)
  6 shadow dragons
  4 sphinxes
  9 storm dragons
  3 tengu reavers
  Donald (Spider:1)
  A revenant (Vaults:3)
  16 azure jellies
  Roxanne (Elf:1)
  3 fire giants
  2 draconian monks
  9 rockslimes
  2 draconian knights
  4 draconian scorchers
  2 frost giants
  2 emperor scorpions
  5 deep elf sorcerers
  6 draconian shifters
  A deep elf elementalist (Elf:3)
  2 balrugs
  17 vault wardens
  Louise (Swamp:2)
  9 ghost moths
  2 draconian stormcallers
  2 iron dragons
  21 ironbound preservers
  10 formless jellyfish
  A cacodemon (Depths:2)
  10 draconian annihilators
  5 spriggan defenders
  A broodmother (Spider:2)
  10 quicksilver oozes
  An orc warlord (Orc:2)
  The ghost of Anay the Bludgeoner, a journeyman FoFi of Zin (D:14)
  21 very ugly things
  A war gargoyle (Vaults:3)
  A hydra skeleton (Swamp:4)
  4 ironbound thunderhulks
  An ophan (Depths:1)
  7 stone giants
  18 green draconians
  4 vampire knights
  Nessos (D:12)
  4 deep elf demonologists
  10 yellow draconians
  14 black draconians
  8 white draconians
  11 red draconians
  2 bunyips
  20 purple draconians
  3 deep elf annihilators (Elf:3)
  7 spark wasps
  2 eleionomae
  14 dire elephants
  Azrael (Orc:2)
  Snorg (D:12)
  A blizzard demon (Zot:2)
  7 ettins
  10 deep elf death magi
  An eidolon (Vaults:3)
  Josephine (Orc:1)
  5 mummy priests (Depths:3)
  6 fire dragons
  2 jiangshi (Depths:1)
  5 yaktaur captains
  3 deep elf high priests
  A peacekeeper (Vaults:4)
  A rakshasa (Depths:2)
  10 entropy weavers
  4 spriggan air magi
  18 great orbs of eyes
  13 hydras
  4 jorogumos (Spider:4)
  3 catoblepae
  An ogre mage (D:14)
  The ghost of Turgon the Unseen, a journeyman FeSh of Jiyva (Elf:2)
  15 ice dragons
  14 ironbound frosthearts
  Fannar (D:12)
  13 vault guards
  3 ghost crabs
  6 radroaches
  3 two-headed ogres
  9 centaur warriors
  15 dancing weapons
  6 death yaks (Lair:5)
  2 deep troll shamans (Depths:1)
  3 tengu warriors
  9 boulder beetles
  2 deep troll earth magi (Depths:1)
  7 demonic crawlers
  A vampire mage (Depths:1)
  4 hell hogs (Depths:1)
  15 alligators
  3 orc high priests
  4 soul eaters
  2 spriggan berserkers (Depths:2)
  Nergalle (Lair:3)
  3 sun demons (Depths:1)
  19 deep elf knights
  16 hell knights
  6 skysharks
  5 spriggan druids
  9 pharaoh ants
  3 iron trolls (Depths:1)
  A skeletal warrior (D:10)
  Lodul (D:11)
  48 deep trolls
  7 glowing orange brains
  4 sun moths
  3 goliath frogs
  A death drake (Swamp:2)
  5 swamp dragons
  10 orb spiders
  4 spectral hydras (Swamp:4)
  A flayed ghost (Swamp:4)
  17 deep elf archers
  7 steelbarb worms
  7 wizards
  Jeremiah (Lair:1)
  9 harpies
  26 deep elf zephyrmancers
  5 bog bodies
  5 lindwurms
  26 ironbound convokers
  6 orc knights
  26 deep elf pyromancers
  17 wolf spiders
  A sphinx zombie (Depths:2)
  7 orc sorcerers
  A salamander (Depths:4)
  6 necromancers
  18 ugly things
  A salamander (shapeshifter) (D:15)
  6 manticores
  2 will-o-the-wisps
  31 moths of wrath
  10 elephants
  7 cyclopes
  4 shining eyes
  2 gargoyles
  3 torpor snails
  A fire giant skeleton (Depths:1)
  7 black mambas
  21 vault sentinels
  3 rust devils (Depths:3)
  2 eyes of devastation
  3 smoke demons
  An elf zombie (Vaults:2)
  12 cane toads
  A titan simulacrum (Depths:1)
  A human zombie (Vaults:2)
  2 efreet (D:14)
  4 ice devils
  A kobold demonologist (D:11)
  5 rime drakes
  A rime drake (shapeshifter) (Elf:2)
  5 komodo dragons
  A freezing wraith (Swamp:4)
  52 yaktaurs
  A spriggan skeleton (Depths:2)
  4 tengu conjurers
  2 hydra zombies (Swamp:4)
  3 guardian mummies (Depths:3)
  5 trolls
  5 bloated husks
  3 hellwings
  16 polar bears
  A queen bee (Lair:2)
  7 meliai
  8 tyrant leeches
  10 hornets
  29 tarantellas
  8 dream sheep (Lair:5)
  2 raiju (Lair:5)
  11 blink frogs
  33 jumping spiders
  Sigmund (D:2)
  113 slime creatures
  17 spriggans
  6 wraiths
  18 culicivoras
  A deep troll skeleton (Vaults:2)
  A flying skull (Vaults:3)
  A shadow (D:10)
  2 air elementals
  5 wyverns
  2 vampires
  A ynoxinul (Depths:3)
  3 water elementals
  8 fire elementals
  A yak (shapeshifter) (Elf:1)
  A large abomination (D:2)
  65 yaks
  10 basilisks
  A human (D:14)
  11 golden eyes
  3 chaos spawn
  A steam dragon (D:6)
  62 redbacks
  10 vampire mosquitoes
  8 wargs
  A glowing shapeshifter zombie (Vaults:2)
  19 swamp worms
  8 acid dragons
  11 water moccasins
  17 hell hounds
  7 swamp drakes
  2 floating eyes
  An ice beast (D:7)
  24 orc warriors
  17 ogres
  A swamp dragon zombie (Swamp:4)
  13 black bears
  4 boggarts (Lair:3)
  31 wolves
  14 centaurs
  A swamp dragon skeleton (Swamp:4)
  2 phantoms
  5 kobold brigands
  A gnoll sergeant (D:9)
  4 bullfrogs
  5 scorpions
  An earth elemental (Elf:3)
  A glowing shapeshifter simulacrum (Depths:2)
  31 killer bees
  9 howler monkeys
  4 electric eels
  A hound (D:5)
  3 jellies
  13 orc priests
  3 iguanas
  6 orc wizards
  2 human simulacra (D:14)
  7 gnolls
  An adder (D:6)
  A shadow imp (D:7)
  3 white imps
  An ufetubus (D:4)
  3 worms (D:3)
  47 orcs
  5 bats
  7 endoplasms
  4 giant cockroaches
  8 goblins
  9 hobgoblins
  7 jackals
  18 kobolds
  A quokka (D:4)
  9 ball pythons
  3 frilled lizards
  A goblin skeleton (D:10)
  A goblin zombie (D:10)
  A jackal skeleton (D:10)
  2 rats
  3 ballistomycete spores
  A spectral weapon (Elf:3)
2113 creatures vanquished.

Vanquished Creatures (collateral kills)
  A dread lich (Zot:5)
  An ancient lich (Zot:5)
  2 orbs of fire (Zot:5)
  A Killer Klown (Zot:5)
  2 caustic shrikes (Depths:3)
  the Enchantress (Depths:1)
  2 tentacled monstrosities
  An electric golem (Zot:5)
  6 Orb Guardians (Zot:5)
  A lich (D:14)
  A deep elf master archer (Elf:3)
  A death cob (Zot:1)
  An acid blob (Slime:5)
  A storm dragon (Zot:5)
  A rockslime (Zot:1)
  A draconian knight (Zot:1)
  A draconian monk (Zot:5)
  A draconian scorcher (Zot:5)
  2 draconian annihilators
  2 slime creatures
  A draconian shifter (Zot:4)
  A deep elf demonologist (Elf:3)
  2 purple draconians (Zot:1)
  2 green draconians
  A red draconian (Zot:5)
  2 deep elf death magi (Elf:3)
  A deep elf high priest (Elf:3)
  A spriggan air mage (Depths:3)
  2 vault guards (Vaults:2)
  A dancing weapon (Elf:2)
  A demonic crawler (Spider:4)
  A deep elf knight (Elf:1)
  A pharaoh ant (Spider:2)
  A spriggan druid (Swamp:2)
  A bog body (Lair:2)
  A deep elf archer (Elf:3)
  A deep elf pyromancer (Elf:3)
  A deep elf zephyrmancer (Elf:3)
  A moth of wrath (Zot:5)
  An elephant (Lair:3)
  A cane toad (Lair:5)
  A troll (D:7)
  2 tarantellas
  2 hornets
  A blink frog (Lair:5)
  A stone giant simulacrum (Depths:1)
  A jumping spider (Spider:4)
  A wyvern (D:9)
  A spriggan (Swamp:3)
  5 yaks
  A basilisk (Lair:5)
  4 redbacks
  An acid dragon (D:8)
  A water moccasin (Lair:2)
  An orc warrior (Orc:2)
  9 wolves (Lair:1)
  7 killer bees (Lair:2)
  2 orc wizards
  5 orcs
  109 ballistomycete spores
210 creatures vanquished.

Vanquished Creatures (others)
  3 death cobs
  3 thorn hunters (Swamp:4)
  A shadow dragon (Depths:4)
  A draconian knight (Zot:1)
  A deep elf sorcerer (Elf:3)
  A yellow draconian (Zot:3)
  A shambling mangrove (Swamp:4)
  A catoblepas (D:14)
  2 deep elf knights
  A sun moth (Spider:4)
  2 spriggan druids (Swamp:4)
  2 spectral hydras (Swamp:4)
  A bog body (Swamp:4)
  A phantasmal warrior (Swamp:4)
  An oklob plant (Swamp:4)
  A cyclops (D:13)
  2 freezing wraiths (Swamp:4)
  2 death drake zombies (Swamp:4)
  A tyrant leech (Swamp:1)
  2 hornets (Swamp:4)
  6 slime creatures
  3 swamp drakes
  A swamp dragon skeleton (Swamp:4)
  A sleepcap (D:5)
  17 ballistomycete spores
  2 foxfires (Swamp:4)
  A spectral weapon (Swamp:4)
61 creatures vanquished.

Grand Total: 2384 creatures vanquished

Notes
Turn   | Place    | Note
-------+----------+-------------------------------------------
     0 | D:1      | PaperRat the Gargoyle Hunter began the quest for the Orb.
     0 | D:1      | Reached XP level 1. HP: 12/12 MP: 1/1
    88 | D:1      | Reached XP level 2. HP: 17/17 MP: 2/2
   444 | D:1      | Reached XP level 3. HP: 21/21 MP: 3/3
   770 | D:2      | Found a faded altar of an unknown god.
  1114 | D:2      | Noticed Sigmund
  2085 | D:3      | Reached XP level 4. HP: 27/27 MP: 4/4
  2384 | D:3      | Found a hide-covered altar of Uskayaw.
  2430 | D:4      | Noticed an ogre
  2600 | D:4      | Reached skill level 5 in Ranged Weapons
  2627 | D:4      | Noticed a black bear
  2700 | D:4      | Found a staircase to the Ecumenical Temple.
  2709 | Temple   | Entered the Ecumenical Temple
  2719 | Temple   | Became a worshipper of Fedhas Madash
  2786 | D:3      | Reached XP level 5. HP: 22/32 MP: 5/5
  3247 | D:4      | Found a radiant altar of Vehumet.
  3298 | D:5      | Entered Level 5 of the Dungeon
  3403 | D:5      | Noticed an ogre
  3483 | D:4      | Reached XP level 6. HP: 20/38 MP: 6/6
  3628 | D:4      | Reached skill level 6 in Ranged Weapons
  3720 | D:5      | Reached skill level 5 in Fighting
  3728 | D:5      | Reached XP level 7. HP: 44/44 MP: 7/7
  4194 | D:5      | Reached * piety under Fedhas
  4609 | D:4      | Reached skill level 7 in Ranged Weapons
  5045 | D:6      | Reached skill level 1 in Invocations
  5045 | D:6      | Reached XP level 8. HP: 37/51 MP: 7/9
  5292 | D:6      | Reached skill level 8 in Ranged Weapons
  5629 | D:6      | Found a broken altar of Ashenzari.
  6330 | D:7      | Reached skill level 1 in Evocations
  6436 | D:6      | Reached XP level 9. HP: 14/56 MP: 12/12
  6637 | D:7      | Reached skill level 9 in Ranged Weapons
  6637 | D:7      | Reached skill level 1 in Armour
  6766 | D:7      | Noticed a troll
  7105 | D:7      | Reached ** piety under Fedhas
  7552 | D:2      | Killed Sigmund
  7812 | D:7      | Killed a troll
  8193 | D:8      | Reached skill level 10 in Ranged Weapons
  8233 | D:8      | Reached skill level 5 in Invocations
  8379 | D:8      | Reached XP level 10. HP: 36/64 MP: 10/13
  9504 | D:9      | Noticed a two-headed ogre
  9513 | D:9      | Killed a two-headed ogre
  9514 | D:9      | Reached skill level 11 in Ranged Weapons
  9745 | D:9      | Found a staircase to the Lair.
  9989 | D:9      | Found a stormy altar of Qazlal.
 10121 | D:9      | Found a bloodstained altar of Trog.
 10692 | Lair:1   | Entered Level 1 of the Lair of Beasts
 10705 | Lair:1   | Noticed Gastronok
 10711 | Lair:1   | Noticed a black mamba
 10726 | Lair:1   | Killed a black mamba
 10727 | Lair:1   | Reached XP level 11. HP: 67/69 MP: 12/15
 10987 | Lair:1   | Reached skill level 12 in Ranged Weapons
 11174 | Lair:1   | Reached *** piety under Fedhas
 11302 | Lair:1   | Reached skill level 10 in Fighting
 11460 | Lair:1   | Noticed Jeremiah
 11471 | Lair:1   | Killed Jeremiah
 11652 | Lair:1   | Reached skill level 13 in Ranged Weapons
 11789 | Lair:1   | Reached skill level 5 in Armour
 11894 | Lair:1   | Reached XP level 12. HP: 61/77 MP: 18/18
 12094 | Lair:1   | Killed Gastronok
 12404 | Lair:1   | Reached skill level 14 in Ranged Weapons
 12856 | Lair:2   | Reached **** piety under Fedhas
 13018 | Lair:2   | Found a staircase to the Swamp.
 13917 | Lair:3   | Reached XP level 13. HP: 84/84 MP: 19/19
 14020 | Lair:3   | Identified the +11 arbalest of Lulume {heavy, *Slow +Blink
                  | Str+5}
 14026 | Lair:3   | Noticed Nergalle
 14030 | Lair:3   | Killed Nergalle
 14094 | Lair:3   | Identified the +0 plate armour "Tesygic" {Str+4 Stlth+}
 14586 | Lair:3   | Found a hole to the Spider Nest.
 14630 | Lair:3   | Reached skill level 15 in Ranged Weapons
 14630 | Lair:3   | Reached skill level 10 in Invocations
 15211 | Lair:4   | Found a viscous altar of Jiyva.
 15211 | Lair:4   | Found a staircase to the Slime Pits.
 15544 | Lair:5   | Entered Level 5 of the Lair of Beasts
 15617 | Lair:5   | Identified the +1 pair of boots of Qics {Rampage rF+
                  | Will+++ Regen+ Int-5}
 15802 | Lair:5   | Reached skill level 16 in Ranged Weapons
 15821 | Lair:5   | Reached skill level 5 in Stealth
 15850 | Lair:5   | Gained mutation: Your large and strong wings let you fly.
                  | [Gargoyle growth]
 15850 | Lair:5   | Reached XP level 14. HP: 92/92 MP: 21/21
 15947 | Lair:5   | Reached ***** piety under Fedhas
 16299 | Lair:5   | Reached skill level 17 in Ranged Weapons
 16363 | Lair:5   | Noticed a dire elephant
 16368 | Lair:5   | Killed a dire elephant
 16745 | Lair:5   | Reached skill level 18 in Ranged Weapons
 17148 | D:10     | Entered Level 10 of the Dungeon
 17297 | D:10     | Identified a scroll of acquirement
 17298 | D:10     | Acquired a +1 hand crossbow of freezing
 17382 | D:10     | Reached XP level 15. HP: 65/97 MP: 22/22
 17444 | D:10     | Found the +8 lance "Wyrmbane" {slay drac, rPois rF+ rC+
                  | AC+3}
 17456 | D:10     | Identified the +5 plate armour "Geav" {Rampage rC+}
 17461 | D:10     | Got Cerebov's Catalogue of the Inferno
 17555 | D:10     | Found a runed translucent door.
 17556 | D:10     | Found a basalt altar of Yredelemnul.
 17558 | D:10     | Reached skill level 5 in Dodging
 17689 | D:10     | Reached skill level 5 in Evocations
 17746 | D:10     | Found a staircase to the Orcish Mines.
 18285 | Orc:1    | Entered Level 1 of the Orcish Mines
 18345 | Orc:1    | Noticed Josephine
 18351 | Orc:1    | Killed Josephine
 18352 | Orc:1    | Reached skill level 10 in Armour
 18354 | Orc:1    | Reached ****** piety under Fedhas
 18453 | Orc:2    | Entered Level 2 of the Orcish Mines
 18466 | Orc:2    | Noticed Azrael
 18511 | Orc:2    | Killed Azrael
 18830 | Orc:2    | Found Omu Liofixt's Jewellery Shoppe.
 18916 | Orc:2    | Found Bemput's Antique Weapon Emporium.
 18918 | Orc:2    | Noticed an orc warlord
 18928 | Orc:2    | Killed an orc warlord
 18979 | Orc:2    | Found Ballegig's Antique Armour Boutique.
 19059 | Orc:2    | Found a staircase to the Elven Halls.
 19100 | Orc:2    | Found Ireeb's General Store.
 19444 | Orc:2    | Bought a glowing triple crossbow for 325 gold pieces
 19468 | Orc:2    | Bought a +6 ring of dexterity for 504 gold pieces
 19594 | D:11     | Identified the +3 war axe "Watsejed" {drain, Will+ SInv}
 19944 | D:11     | Noticed Lodul
 19945 | D:11     | Killed Lodul
 20395 | D:12     | Noticed Fannar
 20408 | D:12     | Killed Fannar
 20477 | D:12     | Noticed Snorg
 20480 | D:12     | Killed Snorg
 20513 | D:12     | Noticed Nessos
 20712 | D:12     | Acquired a manual of Air Magic
 20891 | D:12     | Killed Nessos
 21136 | D:13     | Reached XP level 16. HP: 95/104 MP: 24/24
 21197 | D:13     | Found Koyfole's Weapon Shoppe.
 21231 | D:13     | Noticed Rupert
 21264 | D:13     | Killed Rupert
 21620 | D:14     | Learned a level 1 spell: Apportation
 21855 | D:14     | Found a bloodstained altar of Trog.
 21967 | D:14     | Found a runed translucent gate.
 21967 | D:14     | Found a runed translucent gate.
 21967 | D:14     | Found an ancient bone altar of Kikubaaqudgha.
 21967 | D:14     | Found a runed translucent gate.
 21967 | D:14     | Noticed a lich
 21968 | D:14     | Noticed Anay's ghost (journeyman FoFi)
 21968 | D:14     | Noticed a lich
 21969 | D:14     | Noticed a lich
 21969 | D:14     | Noticed a lich
 22040 | D:14     | Found a gate to the Vaults.
 22155 | D:14     | Killed a lich
 22157 | D:14     | Killed a lich
 22159 | D:14     | Killed a lich
 22162 | D:14     | Killed a lich
 22165 | D:14     | Killed Anay's ghost
 22175 | D:14     | Identified the amulet of Zulats {Spirit Str+4 Dex-4 Slay+5}
 22180 | D:14     | Identified the +0 pair of boots of Philately {+Inv rElec
                  | rPois}
 22269 | D:15     | Entered Level 15 of the Dungeon
 22458 | D:15     | Identified the +1 robe of the Gravedigger {rN+}
 22489 | D:15     | Found a staircase to the Depths.
 22615 | D:15     | Found a hide-covered altar of Uskayaw.
 22633 | D:15     | Found a broken altar of Ashenzari.
 22642 | D:15     | Learned a level 2 spell: Passwall
 22646 | D:15     | Learned a level 3 spell: Portal Projectile
 23290 | Swamp:1  | Entered Level 1 of the Swamp
 23980 | Swamp:2  | Reached XP level 17. HP: 112/112 MP: 26/26
 24029 | Swamp:2  | Noticed Mlioglotl
 24058 | Swamp:2  | Killed Mlioglotl
 24498 | Swamp:2  | Noticed Louise
 24513 | Swamp:2  | Killed Louise
 24876 | Swamp:3  | Identified the amulet of Haamagit {Reflect rElec rF+ Will+
                  | SH+5}
 25105 | Swamp:3  | Reached skill level 15 in Fighting
 25109 | Swamp:3  | Identified the +1 pair of gloves "Caacvyus" {rPois rF+++
                  | Int-3 Dex+2}
 25109 | Swamp:3  | Noticed Nikola
 25120 | Swamp:3  | Killed Nikola
 25384 | Swamp:4  | Entered Level 4 of the Swamp
 25508 | Swamp:4  | Noticed a tentacled monstrosity
 25517 | Swamp:4  | Killed a tentacled monstrosity
 25707 | Swamp:4  | Noticed a tentacled monstrosity
 25720 | Swamp:4  | Killed a tentacled monstrosity
 26017 | Swamp:4  | Reached skill level 1 in Earth Magic
 26046 | Swamp:4  | Reached skill level 1 in Hexes
 26047 | Swamp:4  | Reached skill level 1 in Translocations
 26047 | Swamp:4  | Reached skill level 1 in Transmutations
 26169 | Swamp:4  | Found a blossoming altar of Fedhas.
 26189 | Swamp:4  | Got a decaying rune of Zot
 26208 | Swamp:4  | Found a basalt altar of Yredelemnul.
 26576 | Spider:1 | Entered Level 1 of the Spider Nest
 26781 | Spider:1 | Reached XP level 18. HP: 120/120 MP: 28/28
 27126 | Spider:1 | Reached skill level 19 in Ranged Weapons
 27195 | Spider:1 | Noticed Donald
 27210 | Spider:1 | Killed Donald
 28516 | Spider:3 | Identified the +6 plate armour of Faytung {rN+ Dex+3
                  | Slay+2}
 28705 | Spider:3 | Reached skill level 5 in Earth Magic
 29683 | Spider:4 | Entered Level 4 of the Spider Nest
 29830 | Spider:4 | Reached skill level 1 in Spellcasting
 30188 | Spider:4 | Reached XP level 19. HP: 125/125 MP: 29/29
 30335 | Spider:4 | Reached skill level 5 in Hexes
 30338 | Spider:4 | Reached skill level 5 in Translocations
 30579 | Spider:4 | Got a gossamer rune of Zot
 30589 | Spider:4 | Noticed Arachne
 30608 | Spider:4 | Killed Arachne
 30627 | Spider:4 | Reached skill level 20 in Ranged Weapons
 30994 | Spider:4 | Identified the +0 hat of Cytidgh {*Corrode MP+9 Int+4
                  | Dex+2}
 31498 | Elf:1    | Entered Level 1 of the Elven Halls
 31602 | Elf:1    | Learned a level 4 spell: Passage of Golubria
 31608 | Elf:1    | Learned a level 5 spell: Yara's Violent Unravelling
 31720 | Elf:1    | Noticed Roxanne
 31731 | Elf:1    | Killed Roxanne
 32087 | Elf:1    | Found Ygac's Book Shoppe.
 32089 | Elf:1    | Found Vuroukin's Jewellery Boutique.
 32090 | Elf:1    | Found Pehalil's Book Shoppe.
 32096 | Elf:1    | Bought an Inescapable Atlas for 272 gold pieces
 32099 | Elf:1    | Learned a level 2 spell: Blink
 32775 | Elf:2    | Found a shimmering blue altar of Sif Muna.
 32953 | Elf:2    | Found a runed translucent door.
 32955 | Elf:2    | Noticed Turgon's ghost (journeyman FeSh)
 33086 | Elf:2    | Found Xoebocs's Jewellery Shop.
 33088 | Elf:2    | Bought a ring of see invisible for 255 gold pieces
 33117 | Elf:2    | Reached skill level 21 in Ranged Weapons
 33301 | Elf:2    | Reached XP level 20. HP: 131/131 MP: 30/30
 33332 | Elf:2    | Found a runed translucent gate.
 33333 | Elf:2    | Found a runed translucent gate.
 33333 | Elf:2    | Found a runed translucent gate.
 33596 | Elf:2    | Killed Turgon's ghost
 33668 | Elf:3    | Entered Level 3 of the Elven Halls
 33858 | Elf:3    | Found Awarphoih's Antique Armour Emporium.
 33863 | Elf:3    | Bought a pair of glowing gloves for 180 gold pieces
 33863 | Elf:3    | Bought a pair of embroidered boots for 180 gold pieces
 34596 | Elf:3    | Reached skill level 22 in Ranged Weapons
 35041 | Elf:3    | Identified the ring of the Festooned God {EV+5 Dex+2}
 35066 | Elf:3    | Identified the +10 great sword "Hopte" {freeze, rCorr Str+3
                  | SInv}
 35067 | Elf:3    | Reached skill level 23 in Ranged Weapons
 35110 | Elf:3    | Identified the +0 trident "Obohagidi" {heavy, rF- Str+4
                  | Int+3}
 35131 | Elf:3    | Identified the staff of the Blind Eye {rPois rC+ MP+9 Str-2
                  | Stlth- Ice}
 35145 | Elf:3    | Identified the +1 plate armour of Entitlement {Regen+}
 35337 | Orc:2    | Bought a scroll of fog for 68 gold pieces
 35337 | Orc:2    | Bought a throwing net for 51 gold pieces
 35494 | Vaults:1 | Entered Level 1 of the Vaults
 35910 | Vaults:1 | Reached XP level 21. HP: 97/136 MP: 31/31
 36107 | Vaults:1 | Reached skill level 24 in Ranged Weapons
 36135 | Vaults:1 | Identified the ring of Ranwuamp {rPois Will+++ EV+5 Int-3}
 38444 | Vaults:3 | Acquired 940 gold pieces
 38577 | Vaults:3 | Found a staircase to the Crypt.
 38769 | Vaults:3 | Reached skill level 10 in Evocations
 38970 | Vaults:3 | Reached XP level 22. HP: 145/145 MP: 32/32
 39113 | Vaults:3 | Noticed Frederick
 39120 | Vaults:3 | Killed Frederick
 39121 | Vaults:3 | Reached skill level 25 in Ranged Weapons
 39411 | Vaults:3 | Noticed Norris
 39418 | Vaults:3 | Killed Norris
 39821 | Vaults:4 | Found Ypemolet's Weapon Boutique.
 39963 | Vaults:4 | Reached skill level 26 in Ranged Weapons
 40988 | Slime:1  | Entered Level 1 of the Pits of Slime
 41632 | Slime:3  | Reached XP level 23. HP: 152/152 MP: 33/33
 42436 | Slime:5  | Entered Level 5 of the Pits of Slime
 43100 | Slime:5  | Noticed the Royal Jelly
 43130 | Slime:5  | Killed the Royal Jelly
 43276 | Slime:5  | Found the brooch of Shielding {Spirit SH+8}
 43284 | Slime:5  | Found the +7 great mace "Firestarter" {flame, immolate,
                  | rFlCloud rF++}
 43288 | Slime:5  | Found the +8 trishula "Condemnation" {holy, anguish, *Noise
                  | Fly rN+}
 43289 | Slime:5  | Got the Precepts of the Door and the Fair Folk
 43319 | Slime:5  | Identified the +6 sling of Bacvidgh {drain, +Blink Int+2}
 43353 | Slime:5  | Identified the +2 robe of Amafim {+Inv rF++ Archmagi}
 43374 | Slime:5  | Got a slimy rune of Zot
 43380 | Slime:5  | Identified the staff "Weubuvus" {rC+ Int+3 Ice}
 43383 | Slime:5  | Identified the +7 halberd of Past Mistakes {pain, rF+ rC+
                  | Dex+2}
 43393 | Slime:5  | Identified the amulet of Deuxalir {rElec rPois Regen+}
 43620 | Slime:5  | Acquired 767 gold pieces
 43959 | Orc:2    | Bought a ring of protection from fire for 350 gold pieces
 44126 | Depths:1 | Entered Level 1 of the Depths
 44248 | Depths:1 | Noticed the Enchantress
 44255 | Depths:1 | Killed the Enchantress
 44265 | Depths:1 | Reached skill level 10 in Stealth
 44293 | Depths:1 | Reached skill level 10 in Dodging
 44398 | Depths:1 | Found a gateway to Hell.
 44402 | Depths:1 | Found a one-way gate to the infinite horrors of the Abyss.
 44472 | Depths:1 | Reached skill level 15 in Invocations
 44473 | Depths:1 | Identified the +1 chain mail "Xeojas" {Int+2}
 44572 | Depths:1 | Noticed Sojobo
 44663 | Depths:1 | Paralysed by an air elemental for 1 turns
 44672 | Depths:1 | Killed Sojobo
 44782 | Depths:1 | Reached XP level 24. HP: 160/160 MP: 34/34
 45087 | Depths:1 | Identified the +4 scale mail of the Other Side {Harm}
 45382 | Depths:2 | Noticed an ancient lich
 45469 | Depths:2 | Found a shimmering blue altar of Sif Muna.
 45470 | Depths:2 | Identified the ring of Hattyquwk {rF+ Int+3 Slay+3}
 45473 | Depths:2 | Found a transporter.
 45693 | Depths:2 | Found a one-way gate leading to the halls of Pandemonium.
 46051 | Depths:3 | Noticed a caustic shrike
 46051 | Depths:3 | Noticed a caustic shrike
 46051 | Depths:3 | Noticed a caustic shrike
 46051 | Depths:3 | Noticed a caustic shrike
 46051 | Depths:3 | Noticed a caustic shrike
 46056 | Depths:2 | Killed a caustic shrike
 46159 | Depths:3 | Killed a caustic shrike
 46160 | Depths:3 | Killed a caustic shrike
 46162 | Depths:3 | Killed a caustic shrike
 46166 | Depths:3 | Killed a caustic shrike
 46539 | Depths:3 | Noticed Mennas
 46565 | Depths:3 | Killed Mennas
 46637 | Depths:3 | Found a one-way gateway to a ziggurat.
 46757 | Depths:3 | Identified the +0 chain mail of Supple Strength {rPois rC-
                  | rCorr Str+3}
 47071 | Depths:3 | Noticed a royal mummy
 47092 | Depths:3 | Killed a royal mummy
 47217 | Depths:3 | Noticed a royal mummy
 47228 | Depths:3 | Killed a royal mummy
 47513 | Depths:4 | Entered Level 4 of the Depths
 47561 | Depths:4 | Found Qubrota's Antique Armour Shop.
 47574 | Depths:4 | Bought a shiny helmet for 255 gold pieces
 47574 | Depths:4 | Bought a pair of glowing gloves for 255 gold pieces
 47574 | Depths:4 | Bought a faintly humming leather armour for 238 gold pieces
 47574 | Depths:4 | Identified the +0 leather armour of Hacweu {rN+ MP+9 Int-5}
                  | (You bought it in a shop on level 4 of the Depths)
 47866 | Elf:1    | Bought a +6 ring of intelligence for 612 gold pieces
 48258 | Depths:4 | Noticed a caustic shrike
 48258 | Depths:4 | Noticed a caustic shrike
 48258 | Depths:4 | Noticed a caustic shrike
 48265 | Depths:4 | Noticed a caustic shrike
 48271 | Depths:4 | Killed a caustic shrike
 48285 | Depths:4 | Noticed a caustic shrike
 48293 | Depths:4 | Killed a caustic shrike
 48294 | Depths:4 | Reached XP level 25. HP: 168/168 MP: 34/35
 48818 | Depths:4 | Noticed a juggernaut
 48849 | Depths:4 | Killed a juggernaut
 48850 | Depths:4 | Reached skill level 15 in Armour
 49093 | Depths:4 | Found a gate to the Realm of Zot.
 49165 | Zot:1    | Entered Level 1 of the Realm of Zot
 49238 | Zot:1    | Found a transporter.
 49869 | Zot:1    | Noticed a Killer Klown
 49870 | Zot:1    | Noticed a Killer Klown
 49881 | Zot:1    | a Killer Klown changed into a rockslime
 49884 | Zot:1    | Killed a Killer Klown
 50356 | Zot:2    | Reached skill level 27 in Ranged Weapons
 50996 | Zot:3    | Reached XP level 26. HP: 169/174 MP: 27/35
 52307 | Zot:4    | Noticed an orb of fire
 52319 | Zot:4    | Killed an orb of fire
 52575 | Zot:4    | Acquired 1225 gold pieces
 52751 | Zot:5    | Entered Level 5 of the Realm of Zot
 52981 | Zot:5    | Found a runed translucent gate.
 52982 | Zot:5    | Found a runed translucent gate.
 52982 | Zot:5    | Found a runed translucent gate.
 52983 | Zot:5    | Found an opulent altar of Gozag.
 52984 | Zot:5    | Found Cuusezoywn's Assorted Antiques.
 52984 | Zot:5    | Found Ycaneenkyh's Assorted Antiques.
 52984 | Zot:5    | Noticed Netemen's ghost (master GnFi)
 53012 | Zot:5    | Found a transporter.
 53013 | Zot:5    | Found a transporter.
 53017 | Zot:5    | Found a transporter.
 53108 | Zot:5    | Found a transporter.
 53686 | Zot:5    | Noticed a dread lich
 53694 | Zot:5    | Killed a dread lich
 53706 | Zot:5    | Noticed a Killer Klown
 53724 | Zot:5    | Killed a Killer Klown
 53791 | Zot:5    | Noticed an orb of fire
 53801 | Zot:5    | Killed an orb of fire
 53819 | Zot:5    | Reached XP level 27. HP: 179/183 MP: 25/35
 53872 | Zot:5    | Noticed an ancient lich
 53922 | Zot:5    | Noticed an orb of fire
 53927 | Zot:5    | Killed an ancient lich
 53928 | Zot:5    | Reached skill level 10 in Hexes
 53928 | Zot:5    | Reached skill level 10 in Translocations
 53928 | Zot:5    | Gained mutation: Your body sometimes deteriorates upon
                  | taking damage. [an orb of fire]
 53931 | Zot:5    | Killed an orb of fire
 54050 | Zot:5    | Noticed an orb of fire
 54056 | Zot:5    | Killed an orb of fire
 54056 | Zot:5    | Noticed an orb of fire
 54060 | Zot:5    | Noticed an ancient lich
 54066 | Zot:5    | Killed an orb of fire
 54068 | Zot:5    | Noticed a dread lich
 54071 | Zot:5    | Killed an ancient lich
 54074 | Zot:5    | Killed a dread lich
 54085 | Zot:5    | Noticed a dread lich
 54088 | Zot:5    | Killed a dread lich
 54101 | Zot:5    | Lost mutation: Your body sometimes deteriorates upon taking
                  | damage. [potion of mutation]
 54101 | Zot:5    | Gained mutation: Your movements are slightly less
                  | encumbered by armour. (ER -2) [potion of mutation]
 54101 | Zot:5    | Gained mutation: You sometimes lose your temper in combat.
                  | [potion of mutation]
 54101 | Zot:5    | Gained mutation: You are clumsy. (Dex -2) [potion of
                  | mutation]
 54102 | Zot:5    | Lost mutation: You are clumsy. (Dex -2) [potion of
                  | mutation]
 54102 | Zot:5    | Lost mutation: Your movements are slightly less encumbered
                  | by armour. (ER -2) [potion of mutation]
 54102 | Zot:5    | Lost mutation: You sometimes lose your temper in combat.
                  | [potion of mutation]
 54102 | Zot:5    | Gained mutation: You expend magic power (3 MP) to
                  | strengthen your wands. [potion of mutation]
 54102 | Zot:5    | Gained mutation: You have large cloven feet. [potion of
                  | mutation]
 54382 | Zot:5    | Got the Orb of Zot
 54847 | D:2      | Noticed Beri the pandemonium lord
 54854 | D:2      | Killed Beri the pandemonium lord
 54908 | D:$      | Escaped with the Orb!

Illustrated notes

Levels and vault maps discovered:
D:1:      denvon_arrival_hothouse, layout_basic
D:2:      layout_basic, shapermc_ecumenical_altar_totnotflames, uniq_sigmund
D:3:      layout_basic, marbit_many_paths, grunt_ministairs_9
D:4:      layout_basic, vehumet_altar_wand_db, minmay_temple_entry_trees,
          minmay_misc_feat_roman, eino_small_chamber_without_monster
D:5:      layout_basic, minmay_misc_feat_doors
D:6:      layout_basic, mainiacjoe_overflow_tiny_flanked
D:7:      layout_basic
D:8:      layout_basic, serial_glass, glass_columns_a, glass_columns_a,
          chequers_serial_rivers_room_a, grunt_ogre_cave
D:9:      layout_layer_cave, mainiacjoe_overflow_paths, trog_butcher_becter,
          lair_entry_dummy
D:10:     minmay_chambers_of_sixes, layout_stronghold, dk_yredelemnul_ordeal,
          orc_0_dummy, minmay_the_grid_2x2 [minmay_the_grid_aliased_spiral,
          minmay_the_grid_spin_star, minmay_the_grid_holed_spiral,
          minmay_the_grid_prize_trominoes]
D:11:     layout_long_grid, uniq_lodul
D:12:     layout_basic, uniq_nessos, uniq_snorg, uniq_fannar
D:13:     layout_roguey, serial_shops, nicolae_shop_real_fake_doors, uniq_rupert
D:14:     layout_rooms, grunt_vaults_entry_fortified, lemuel_tele_altar,
          gammafunk_ghost_crypt, bh_circular_ruins
D:15:     grunt_enter_depths_hoard, layout_basic, nicolae_uskayaw_dance_hall,
          serial_rivers, chequers_serial_rivers_micro_b,
          chequers_serial_rivers_small_a, chequers_serial_rivers_micro_b,
          chequers_serial_rivers_room_a, chequers_serial_rivers_marsh,
          chequers_serial_rivers_small_a, cheibrodos_ashenzari_chains
Temple:   nicolae_temple_elliptical
Lair:1:   layout_cave_pods, dpeg_stationary_puzzle, uniq_jeremiah,
          uniq_gastronok
Lair:2:   layout_roguey, nicolae_swamp_entry_splash_gauntlet, special_room
          [special_room_bee], grunt_megastairs_3, infiniplex_staircase_pool,
          serial_bayou_shore_a, lemuel_fruit_tree
Lair:3:   layout_loops_ring, spider_nest_entry_web_field,
          kilobyte_rumbling_trees, grunt_megastairs_1,
          infiniplex_staircase_pool_2, uniq_nergalle
Lair:4:   layout_loops_ring, slime_entry_1
Lair:5:   hangedman_lair_in_review, layout_regular_city,
          hangedman_lair_caniforms_friends
Swamp:1:  layout_basic_swamp, hangedman_swamp_pad, swamp_pool5
Swamp:2:  layout_falls_marsh, evilmike_swamp_ruin_house_1, uniq_louise,
          uniq_mlioglotl
Swamp:3:  layout_basic_swamp, evilmike_swamp_ruin_house_3,
          hangedman_swamp_blocks, uniq_nikola
Swamp:4:  byrel_swamp_growth_death_and_undeath, layout_basic_swamp, swamp_pool1
Spider:1: layout_cave_pods, drop_trap, nicolae_spider_solar_radiation,
          uniq_donald
Spider:2: layout_cave_pods
Spider:3: layout_chambers, guppyfry_hornet_nest
Spider:4: johnstein_spider_rune_arachne_lair
Slime:1:  layout_caves, nicolae_slime_phagocytosis
Slime:2:  layout_caves
Slime:3:  layout_caves
Slime:4:  layout_caves
Slime:5:  slime_pit_nicolae_royal_road_to_ruin
Orc:1:    layout_caves, uniq_josephine
Orc:2:    grunt_orc_gardens, layout_diamond_mine, grunt_orc_garden,
          grunt_orc_garden, grunt_orc_garden, grunt_orc_garden, uniq_azrael
Elf:1:    layout_loops_corners, minmay_elf_crystal_hexagon, minmay_shop_grove,
          uniq_roxanne
Elf:2:    nicolae_elf_blades_crystal_corner, layout_rooms, serial_shops,
          nicolae_shop_gaudy_bauble, basic_altar, hellmonk_ghost_big_iron
Elf:3:    minmay_elf_hall_circle, layout_onion_city, serial_shops, shop
Vaults:1: nicolae_vaults_surprise_closet, vaults_dpeg_ring,
          vaults_mumra_minichess, v_rooms_2, nicolae_vaults_tetromino_Z_2,
          hangedman_vaults_hat, nicolae_vaults_bisected_inception,
          nicolae_vaults_rhombus_7, nicolae_vaults_display_case,
          ontoclasm_vaults_decontamination, nicolae_vaults_sealed_display,
          nicolae_vaults_closet_pinwheel_2, layout_vaults_big_cross
Vaults:2: v_rooms_5, nicolae_vaults_sesquioval_fish, nicolae_vaults_triangles,
          nicolae_vaults_diamond_1, nicolae_vaults_shipping_containers_4,
          v_misc_13, nicolae_vaults_wine_cellar, nicolae_vaults_tetromino_Z_1,
          nicolae_vaults_storage_closets_1, nicolae_vaults_yaktaur_gun_rack,
          layout_vaults_quadrants
Vaults:3: nicolae_vaults_layer_cake_slice, minmay_crypt_entry_simple_box,
          v_misc_30, nicolae_vaults_more_shelving_2,
          nicolae_vaults_storage_room_water, v_misc_12,
          nicolae_vaults_little_squares_6, v_misc_10,
          nicolae_vaults_offset_grid_hallway_3, v_misc_1,
          dpeg_vaults_monster_row, vaults_mumra_lcd, nicolae_vaults_octothorpe,
          nicolae_vaults_angled_halls, layout_vaults_maze, uniq_frederick,
          uniq_norris
Vaults:4: ontoclasm_vaults_eye, st_squares, ontoclasm_vaults_gateway,
          v_pattern_2, nicolae_vaults_swerve, v_misc_9, serial_ice_g,
          nicolae_vaults_tetromino_T_2, v_misc_4, nicolae_vaults_house_1,
          hangedman_vaults_snaps, vaults_room_door_hall, layout_vaults_ring,
          serial_shops, shop
Depths:1: layout_small_grid, hellmouth_3, abyss_entry,
          minmay_misc_feat_ornament, serial_sigils_hangedman_gut,
          chequers_serial_rivers_micro_e, hangedman_eye_storm, uniq_enchantress,
          uniq_sojobo
Depths:2: gammafunk_sealed_library, layout_twisted_cross,
          grunt_hell_entry_dis_old, rand_demon_pan_entry_8,
          infiniplex_staircase_star, uniq_josephina
Depths:3: ragdoll_tomb_raider, layout_gridlike, enter_ziggurat_b,
          hangedman_abyss_or_decor_lesser_grid, grunt_pan_entry_spiral,
          abyss_entry, hell_entry, uniq_mennas
Depths:4: grunt_zot_entry_gee_three, layout_cave_pools,
          kennysheep_pointless_box, hell_entry, pan_entry, serial_shops, shop,
          hangedman_decor_peaks_small
Zot:1:    grunt_zot_stairs_faceoff, layout_gridlike, nicolae_diode_basic
Zot:2:    layout_misc_corridors, bh_zot_lava_cross
Zot:3:    layout_onion_interference, hangedman_zot_decor_slant, zot_minivault_4
Zot:4:    layout_twisted_circle
Zot:5:    layout_misc_corridors, ebering_ghost_gozag, nicolae_transporter_circle

Skill      XL: |  1  2  3  4  5  6  7  8  9 10 11 12 13 14 15 16 17 18 19 20 21 22 23 24 25 26 27 |
---------------+----------------------------------------------------------------------------------+-----
Stealth        | 2 3 4 5 6 8 10 11 | 11.8
Fighting       | 3 4 5 6 8 10 12 13 14 15 16 17 18 19 20 21 22 | 22.0
Ranged Weapons | 5 6 7 8 10 11 13 14 16 18 19 21 23 24 26 27 | 27.0
Invocations    | 1 4 5 6 8 9 10 11 13 14 15 16 17 18 | 18.0
Evocations     | 1 2 4 6 8 10 11 12 13 14 | 14.0
Armour         | 3 4 5 7 9 11 12 13 14 16 | 16.9
Dodging        | 4 6 7 9 10 11 12 13 14 | 14.0
Earth Magic    | 2 5 6 |  6.0
Hexes          | 1 4 7 8 9 10 | 10.0
Translocations | 1 4 7 8 9 10 | 10.0
Transmutations | 1 2 3 |  3.0
Spellcasting   | 2 |  2.0

Action                     |  1- 3 |  4- 6 |  7- 9 | 10-12 | 13-15 | 16-18 | 19-21 | 22-24 | 25-27 || total
---------------------------+-------+-------+-------+-------+-------+-------+-------+-------+-------++-------
  Melee: Hand axe          |       |     4 |       |       |       |       |       |       |       ||     4
         Unarmed           |       |       |       |       |       |       |       |       |     3 ||     3
   Fire: Shortbow          |    98 |   159 |   432 |    84 |       |       |       |       |       ||   773
         Orcbow            |       |       |       |   921 |    31 |       |       |       |       ||   952
         Arbalest          |       |       |       |       |   718 |   143 |    38 |       |       ||   899
         Hand crossbow     |       |       |       |       |    11 |       |     4 |       |       ||    15
         Longbow           |       |       |       |       |       |  1385 |   949 |       |       ||  2334
         Triple crossbow   |       |       |       |       |       |       |   554 |  1464 |  1021 ||  3039
  Throw: Dart              |       |     6 |    15 |    31 |     3 |       |       |       |       ||    55
   Cast: Apportation       |       |       |       |       |       |     2 |       |       |       ||     2
         Portal Projectile |       |       |       |       |       |       |    14 |    15 |    10 ||    39
         Passwall          |       |       |       |       |       |       |     6 |       |       ||     6
         Blink             |       |       |       |       |       |       |       |     3 |     1 ||     4
         Passage of Golubr |       |       |       |       |       |       |       |     3 |       ||     3
 Invoke: Wall of Briars    |       |       |     6 |    16 |    20 |    37 |    24 |    19 |    15 ||   137
         Grow Ballistomyce |       |       |       |     1 |     7 |     9 |     5 |     7 |       ||    29
         Grow Oklob        |       |       |       |       |       |     2 |     2 |     4 |    10 ||    18
         Overgrow          |       |       |       |       |       |     1 |       |       |     1 ||     2
  Evoke: Wand              |       |       |     4 |     8 |     2 |     3 |     3 |     3 |    11 ||    34
         Lightning rod     |       |       |       |       |     4 |     4 |    12 |       |       ||    20
         Tin of tremorston |       |       |       |       |       |     3 |     4 |     6 |     4 ||    17
         Box of beasts     |       |       |       |       |       |       |       |     1 |       ||     1
    Use: Scroll            |     5 |     2 |     6 |     6 |     9 |     9 |    16 |     8 |    10 ||    71
         Potion            |       |     3 |     3 |     2 |       |     1 |     4 |     2 |     7 ||    22
 Armour: Leather armour    |     4 |    30 |    39 |       |       |       |       |       |       ||    73
         Ring mail         |       |       |    53 |    54 |       |       |       |       |       ||   107
         Acid dragon scale |       |       |       |    13 |       |       |       |    30 |   214 ||   257
         Troll leather arm |       |       |       |   236 |   252 |   388 |   283 |   289 |       ||  1448
         Skin              |       |       |       |       |       |       |       |     3 |       ||     3
  Dodge: Dodged            |     4 |    50 |   140 |   395 |   361 |   531 |   608 |   770 |   467 ||  3326
         Repelled          |       |       |       |       |       |       |    23 |     8 |    30 ||    61
  Block: Other             |       |       |       |       |       |   112 |   116 |   221 |   138 ||   587
         Reflection        |       |       |       |       |       |       |    22 |     8 |       ||    30

Table legend: (Time is in decaauts)
 A = Elapsed time spent in this place.
 B = Non-inter-level travel time spent in this place.
 C = Inter-level travel time spent in this place.
 D = Time resting spent in this place.
 E = Time spent auto-exploring this place.
 F = Levels seen in this place.
 G = Mean time per level.
                   A        B        C        D        E       F      G
               +--------+--------+--------+--------+--------+-----+--------+
         Total |  57613 |  50328 |   7285 |   4191 |  21500 |  52 | 1107.9 |
       Dungeon |  17333 |  13785 |   3548 |   1268 |   4627 |  15 | 1155.5 |
        Temple |    148 |    148 |      0 |    123 |      0 |   1 |  148.0 |
          Lair |   7455 |   6571 |    884 |    471 |   1912 |   5 | 1491.0 |
         Swamp |   3334 |   3085 |    249 |    244 |   1547 |   4 |  833.5 |
   Spider Nest |   4754 |   4414 |    340 |    525 |   1922 |   4 | 1188.5 |
    Slime Pits |   3018 |   2663 |    355 |    164 |   1103 |   5 |  603.6 |
  Orcish Mines |   1572 |   1293 |    279 |     19 |    755 |   2 |  786.0 |
   Elven Halls |   3881 |   3611 |    270 |    240 |   1519 |   3 | 1293.7 |
        Vaults |   5734 |   5350 |    384 |     78 |   3467 |   4 | 1433.5 |
        Depths |   5012 |   4603 |    409 |    501 |   2322 |   4 | 1253.0 |
           Zot |   5366 |   4804 |    562 |    555 |   2324 |   5 | 1073.2 |
               +--------+--------+--------+--------+--------+-----+--------+

Top non-repeatable levels by time:
  Lair:1: 1995 daAuts
Vaults:2: 1757 daAuts
  Lair:5: 1757 daAuts
     D:6: 1736 daAuts
Depths:3: 1699 daAuts
Spider:3: 1650 daAuts
   Elf:3: 1640 daAuts
   Zot:5: 1633 daAuts
     D:9: 1577 daAuts
  Lair:2: 1552 daAuts
    D:10: 1495 daAuts
Spider:4: 1483 daAuts
Vaults:1: 1437 daAuts
   Elf:1: 1418 daAuts
Vaults:3: 1351 daAuts
